 Dungeon Crawl Stone Soup version 0.31-a0-949-g57150269e1 (webtiles) character file.

Game seed: 9527555515191997476

194 LadyBoffin the Caller (level 5, 0/21 HPs)
             Began as a Felid Summoner on Oct 22, 2023.
             Slain by a hound (5 damage)
             ... on level 5 of the Dungeon.
             The game lasted 00:14:27 (3403 turns).

LadyBoffin the Caller (Felid Summoner)              Turns: 3403, Time: 00:14:28

Health: 0/21       AC:  1    Str:  3    XL:     5   Next: 44%
Magic:  1/10       EV: 18    Int: 17    God:
Gold:   69         SH:  0    Dex: 21    Spells: 8/11 levels left
                                        Lives:  0   Deaths: 2

rFire   + . .        (weapon unavailable)
rCold   . . .        (shield unavailable)
rNeg    . . .        (body armour unavailable)
rPois   .            (helmet unavailable)
rElec   .            (cloak unavailable)
rCorr   .            (gloves unavailable)
SInv    +            (boots unavailable)
Will    .....        (no amulet)
Stlth   +++          (no ring)
HPRegen 0.23/turn    (no ring)
MPRegen 0.12/turn

%: no passive effects
@: quick
A: very small, claws 1, fangs 3, see invisible, speed 1, shaggy fur 1, stealthy
paws, no weapons or thrown items, no armour, multi-lived, agile 1, fire
resistance 1, low MP 1
a: no special abilities


You were on level 5 of the Dungeon.
You visited 1 branch of the dungeon, and saw 4 of its levels.

You collected 69 gold pieces.

Inventory:

Scrolls
 b - 3 scrolls of revelation
 d - 2 scrolls of noise
 e - a scroll of fear {unknown}
 f - a scroll of identify
Potions
 a - a potion of magic
 c - a potion of haste {unknown}


   Skills:
 + Level 3.0 Dodging
 + Level 3.0 Stealth
 - Level 0.2 Unarmed Combat
 + Level 3.9 Spellcasting
 + Level 5.4 Summonings


You had 8 spell levels left.
You knew the following spells:

 Your Spells              Type           Power      Damage    Failure   Level
a - Summon Small Mammal   Summ           84%        N/A       1%          1
b - Call Imp              Summ           42%        N/A       2%          2

Your spell library contained the following spells:

 Spells                   Type           Power      Damage    Failure   Level
 Call Canine Familiar     Summ           21%        N/A       5%          3
 Sandblast                Erth           6%         2d5       16%         1
 Summon Guardian Golem    Hex/Summ       12%        N/A       16%         3
 Cigotuvi's Dreadful Rot  Necr/Pois/Air  6%         N/A       24%         2
 Ensorcelled Hibernation  Hex/Ice        6%         N/A       24%         2
 Passwall                 Tmut/Erth      2%         N/A       24%         2
 Ignite Poison            Fire/Tmut/Pois 3%         N/A       43%         3
 Stone Arrow              Conj/Erth      6%         3d7       43%         3
 Swiftness                Air            3%         N/A       43%         3
 Summon Lightning Spire   Summ/Air       12%        N/A       45%         4
 Brom's Barrelling Bould  Conj/Erth      3%         2d3       85%         4
 Freezing Cloud           Conj/Ice/Air   1%         6-21      99%         5


Dungeon Overview and Level Annotations

Branches:
Dungeon (3/15)

Altars:

Shops:
D:1 ?

Portals:
Ossuary: D:5

Annotations:
D:3 Ijyb, Robin


Innate Abilities, Weirdness & Mutations

You have sharp claws.
You have razor-sharp teeth.
You have supernaturally acute eyesight. (SInv)
You cover ground quickly. (Speed+)
You are covered in fur. (AC +1)
Your paws help you pounce on unaware monsters.
You are incapable of wielding weapons or throwing items.
You cannot wear armour.
You gain extra lives every three experience levels.
You are agile. (Dex +4, Str/Int -1)
Your flesh is heat resistant. (rF+)
Your magical capacity is low. (-10% MP)


Message History

The hound bites you. The hound misses you.
You swap places.
Casting: Call Imp (safe; 2% risk of failure)
Confirm with . or Enter, or press ? or * to list all spells.
The hound misses you.
Your cerulean imp barely misses the hound.
The hound barely misses you.
Your cerulean imp hits the hound with a -2 spear.
Your cerulean imp closely misses the hound.
The hound bites your quokka.
The scorpion barely misses your cerulean imp.
Your quokka bites the hound.
The hound bites your quokka.
Your cerulean imp hits the hound with a -2 spear.
The scorpion stings your cerulean imp.
Your quokka closely misses the hound.
The hound bites your quokka.
Your quokka dies!
Your quokka's corpse disappears in a puff of smoke!
Your cerulean imp misses the hound.
A gnoll comes into view. It is wielding a +0 flail.
The hound barely misses you. The phantom hits your cerulean imp!
The phantom blinks!
Your cerulean imp blinks!
Your cerulean imp hits the phantom with a -2 spear.
Casting: Summon Small Mammal (safe; 1% risk of failure)
Confirm with . or Enter, or press ? or * to list all spells.
The hound barely misses you. The phantom hits you.
The phantom blinks!
You blink.
Your cerulean imp closely misses the phantom.
Your bat barely misses the hound.
The phantom closely misses you.
Your cerulean imp hits the phantom from afar with a -2 spear.
You closely miss the phantom. Your bite misses the phantom.
The phantom is almost destroyed.
Your bat hits the hound but does no damage.
Your bat misses the hound. The hound bites you.
Your bat hits the hound but does no damage.
The phantom hits you.
* * * LOW HITPOINT WARNING * * *
Your cerulean imp misses the phantom.
The scorpion misses your cerulean imp. The hound bites you.
You die...

##...## ######## ..
##.....# #......#
#.##....... #......#
#......(... #......#
#......... #......#
#.#.....# #....5§####
#........
#..W@hs..w###........
#....b.##§gg.g.......
#####...#####.#......
###.....#.#......
####.#.#...g..
#.#####.. #.# #. ..#
. ###


You could see a phantom (ally target), a scorpion, a hound (ally target), 2
gnolls, a dart slug, a friendly cerulean imp (summoned) and a friendly bat
(summoned).

Vanquished Creatures
  6 bats
  A hobgoblin (D:1)
  2 kobolds
  A quokka (D:1)
  2 frilled lizards
  A rat (D:1)
13 creatures vanquished.

Vanquished Creatures (collateral kills)
  Sigmund (D:2)
  2 adders
  4 dart slugs
  3 ball pythons
  A bat (D:2)
  5 endoplasms
  A giant cockroach (D:1)
  5 goblins
  5 hobgoblins
  A quokka (D:2)
  A frilled lizard (D:1)
  A kobold (D:2)
  2 rats (D:2)
32 creatures vanquished.

Grand Total: 45 creatures vanquished

Notes
Turn   | Place    | Note
-------+----------+-------------------------------------------
     0 | D:1      | LadyBoffin the Felid Summoner began the quest for the Orb.
     0 | D:1      | Reached XP level 1. HP: 7/7 MP: 4/4
   285 | D:1      | Reached XP level 2. HP: 11/11 MP: 3/6
   943 | D:1      | Found Sekaudih's Magic Scroll Emporium.
  1045 | D:1      | Reached XP level 3. HP: 14/14 MP: 6/8
  1791 | D:2      | Learned a level 2 spell: Call Imp
  1827 | D:2      | Noticed Sigmund
  1873 | D:2      | Gained mutation: Your magical capacity is low. (-10% MP)
                  | [potion of mutation]
  1873 | D:2      | Gained mutation: You are agile. (Dex +4, Str/Int -1)
                  | [potion of mutation]
  1873 | D:2      | Gained mutation: Your flesh is heat resistant. (rF+)
                  | [potion of mutation]
  1949 | D:2      | Slain by Sigmund
  2151 | D:2      | Killed Sigmund
  2152 | D:2      | Reached skill level 5 in Summonings
  2152 | D:2      | Reached XP level 4. HP: 6/18 MP: 0/9
  2152 | D:2      | Reached XP level 5. HP: 7/21 MP: 0/10
  3231 | D:3      | Noticed Ijyb
  3231 | D:3      | Paralysed by Ijyb for 5 turns
  3233 | D:3      | Noticed Robin
  3273 | D:3      | Paralysed by Ijyb for 4 turns
  3281 | D:3      | Slain by Ijyb
  3353 | D:3      | You fall into a shaft and drop 2 floors!
  3353 | D:5      | Entered Level 5 of the Dungeon
  3368 | D:5      | Noticed a phantom
  3377 | D:5      | Found a sand-covered staircase.
  3403 | D:5      | Slain by a hound

Illustrated notes

Levels and vault maps discovered:
D:1:      roderic_chinese_lattice_arrival, layout_basic, serial_shops, shop
D:2:      layout_basic, dk_noncrumbling_3, uniq_sigmund
D:3:      layout_loops_corners, st_stairs_11, grunt_decor_resistance,
          hangedman_decor_opposing, nicolae_goblin_pals
D:5:      layout_rooms, xom_teletrap_fun, minmay_temple_entry_slanted,
          enter_ossuary_1, uniq_grinder

Skill      XL: |  1  2  3 |
---------------+----------+-----
Spellcasting   | 3 |  3.9
Dodging        | 3 |  3.0
Stealth        | 3 |  3.0
Summonings     | 5 |  5.4
Unarmed Combat | |  0.2

Action                     |  1- 3 |  4- 6 || total
---------------------------+-------+-------++-------
  Melee: Unarmed           |    45 |    28 ||    73
         Bite              |     3 |     4 ||     7
         Punch             |     1 |       ||     1
   Cast: Summon Small Mamm |    76 |    14 ||    90
         Call Imp          |     8 |    10 ||    18
    Use: Potion            |     4 |       ||     4
         Scroll            |     3 |       ||     3
   Stab: Distracted        |     1 |     1 ||     2
         Sleeping          |     2 |       ||     2
 Armour: Skin              |    32 |    16 ||    48
  Dodge: Dodged            |    76 |    28 ||   104

Table legend: (Time is in decaauts)
 A = Elapsed time spent in this place.
 B = Non-inter-level travel time spent in this place.
 C = Inter-level travel time spent in this place.
 D = Time resting spent in this place.
 E = Time spent auto-exploring this place.
 F = Levels seen in this place.
 G = Mean time per level.
                   A        B        C        D        E       F      G
               +--------+--------+--------+--------+--------+-----+--------+
         Total |   2884 |   2723 |    161 |    214 |   1449 |   4 |  721.0 |
       Dungeon |   2884 |   2723 |    161 |    214 |   1449 |   4 |  721.0 |
               +--------+--------+--------+--------+--------+-----+--------+

Top non-repeatable levels by time:
     D:2: 1685 daAuts
     D:1: 1018 daAuts
     D:3: 135 daAuts
     D:5: 44 daAuts
